 Dungeon Crawl Stone Soup version 0.30-a0-365-ge7f957f1db (webtiles) character file.

Game seed: 7724616144876784328

42 qeuew the Grave Robber (level 3, 0/19 HPs)
             Began as a Deep Elf Necromancer on Nov 16, 2022.
             Succumbed to an adder's poison
             ... on level 1 of the Dungeon.
             The game lasted 00:01:17 (1160 turns).

qeuew the Grave Robber (Deep Elf Necromancer)       Turns: 1160, Time: 00:01:18

Health: 0/19       AC:  5    Str:  5    XL:     3   Next: 35%
Magic:  7/10       EV: 10    Int: 19    God:
Gold:   35         SH:  0    Dex: 17    Spells: 8/9 levels left

rFire   . . .      SeeInvis .    (no weapon)
rCold   . . .      Faith    .    (no shield)
rNeg    . . .      Spirit   .    k - +0 ring mail
rPois   .          Reflect  .    (no helmet)
rElec   .          Harm     .    (no cloak)
rCorr   .          Rampage  .    (no gloves)
Will    .....                    (no boots)
Stlth   ++........               (no amulet)
HPRegen 0.23/turn                (no ring)
MPRegen 0.12/turn                (no ring)

@: lethally poisoned (0 -> -1)
A: no striking features
a: no special abilities


You were on level 1 of the Dungeon.
You visited 1 branch of the dungeon, and saw 2 of its levels.

You collected 35 gold pieces.

Inventory:

Armour
 k - a +0 ring mail (worn)
Jewellery
 f - a ring of see invisible
 h - an amulet of guardian spirit
Potions
 d - a potion of flight


   Skills:
 + Level 0.9 Armour
 + Level 3.0 Dodging
 + Level 3.1 Stealth
 + Level 3.5 Spellcasting
 + Level 5.1 Necromancy


You had 8 spell levels left.
You knew the following spells:

 Your Spells              Type           Power      Damage    Failure   Level
a - Necrotise             Necr           88%        1d8       9%          1

Your spell library contained the following spells:

 Spells                   Type           Power      Damage    Failure   Level
 Vampiric Draining        Necr           22%        2d7       24%         3
 Animate Dead             Necr           22%        N/A       63%         4
 Agony                    Necr           22%        N/A       92%         5


Dungeon Overview and Level Annotations

Branches:
Dungeon (2/15)

Altars:


Message History

The bat hits you but does no damage. The bat barely misses you.
The jackal closely misses you. The jackal barely misses you.
The jackal bites you but does no damage.
The adder bites you.
You are poisoned.
The adder poisons you!
You climb upwards.
* * * LOW HITPOINT WARNING * * *
You feel sick.
There is a stone staircase leading down here.
Magic courses through your body.
* * * LOW HITPOINT WARNING * * *
You feel sick. The jackal barely misses you. The jackal bites you.
* * * LOW HITPOINT WARNING * * *
The jackal bites you but does no damage.
Aiming: Necrotise (safe; 9% risk of failure)
Press: ? - help, Q - select action Shift-Dir - straight line, f - jackal
Aim: a jackal (chance to affect: 91%)
The jackal writhes in agony.
* * * LOW HITPOINT WARNING * * *
You feel sick. The jackal misses you. The jackal barely misses you.
The jackal completely misses you. The jackal barely misses you.
The jackal bites you but does no damage.
The jackal barely misses you.
Aiming: Necrotise (safe; 9% risk of failure)
Press: ? - help, Q - select action Shift-Dir - straight line, f/p - jackal
Aim: a jackal (severely wounded, chance to affect: 91%)
The jackal writhes in agony.
You kill the jackal!
The dead are walking!
* * * LOW HITPOINT WARNING * * *
You feel sick. The bat barely misses you.
The jackal bites you but does no damage.
The jackal closely misses you.
Aiming: Necrotise (safe; 9% risk of failure)
Press: ? - help, Q - select action Shift-Dir - straight line, f - jackal
Aim: a jackal (chance to affect: 91%)
The jackal writhes in agony.
You kill the jackal!
You die...

#########.# #)#..(.#.........#
#......##.# #.####.#.######..)
#.####.##.# #.# #.#.#........
###.# #.##.####.# #.#...####.##
....# #.##.##.#.####.#...# #...
....# #.##.#.....Z.#.#.#.# ####
....# #.##....#.b........#####
....# #.####..#.#............#
....# #.##.#..#@...#.###.###.#
....# #....#..#h#..#.#.>...#.#
....#########....)....#.#...#.#
....).........##....###.#####.#
...#############..##........#.#
#### #.........#.##.##.##.#
#.#######.#.##.##.##.# #.#
#.#.#.....##.#
#.#######.#.########.#


You could see a jackal, a bat (ally target) and a friendly jackal skeleton.

Vanquished Creatures
  An adder (D:2)
  A dart slug (D:1)
  A goblin (D:1)
  A hobgoblin (D:1)
  6 jackals
  2 quokkas (D:1)
  A ball python (D:1)
  2 frilled lizards (D:1)
  3 kobolds
  3 rats (D:1)
21 creatures vanquished.

Vanquished Creatures (collateral kills)
  An adder (D:2)
  A ball python (D:2)
  A goblin (D:1)
  A rat (D:1)
4 creatures vanquished.

Grand Total: 25 creatures vanquished

Notes
Turn   | Place    | Note
-------+----------+-------------------------------------------
     0 | D:1      | qeuew the Deep Elf Necromancer began the quest for the Orb.
     0 | D:1      | Reached XP level 1. HP: 10/10 MP: 6/6
   406 | D:1      | Reached XP level 2. HP: 15/15 MP: 6/8
   504 | D:1      | Reached skill level 5 in Necromancy
  1090 | D:2      | Reached XP level 3. HP: 19/19 MP: 6/9
  1160 | D:1      | Succumbed to an adder's poison

Illustrated notes

Levels and vault maps discovered:
D:1:      minmay_arrival_hallway, layout_basic, serial_aquarium,
          aquarium_bridge_square [aquarium_subvault_wall,
          aquarium_subvault_bridge, aquarium_subvault_bridge,
          aquarium_subvault_window], aquarium_window_corner, aquarium_window_2,
          aquarium_view_2e, aquarium_view_2d, aquarium_balcony_3b,
          grunt_decor_arrowhead
D:2:      layout_rooms, nicolae_kite_square_tiling_tiny

Skill      XL: |  1  2  3 |
---------------+----------+-----
Necromancy     | 5 |  5.1
Stealth        | 3 |  3.1
Dodging        | 3 |  3.0
Armour         | |  0.9
Spellcasting   | |  3.5

Action                   || total
-------------------------++-------
Melee: Unarmed           ||    18
 Cast: Necrotise         ||    35
  Use: Scroll            ||     5
       Potion            ||     1
Armor: Robe              ||     2
       Ring mail         ||    21
Dodge: Dodged            ||    52

Table legend: (Time is in decaauts)
 A = Elapsed time spent in this place.
 B = Non-inter-level travel time spent in this place.
 C = Inter-level travel time spent in this place.
 D = Time resting spent in this place.
 E = Time spent auto-exploring this place.
 F = Levels seen in this place.
 G = Mean time per level.
                   A        B        C        D        E       F      G
               +--------+--------+--------+--------+--------+-----+--------+
         Total |   1160 |   1136 |     24 |      0 |    998 |   2 |  580.0 |
       Dungeon |   1160 |   1136 |     24 |      0 |    998 |   2 |  580.0 |
               +--------+--------+--------+--------+--------+-----+--------+

Top non-repeatable levels by time:
     D:1: 1088 daAuts
     D:2: 71 daAuts
